 Dungeon Crawl Stone Soup version 0.26-a0-53-g45f243fec8 (webtiles) character file.

Game seed: 16295785024644544321

721464 Ravlon the Pyromancer (level 27, -19/198 HPs)
             Began as a Gargoyle Earth Elementalist on May 27, 2020.
             Was the Champion of Vehumet.
             Demolished by a death scarab (20 damage)
             ... summoned by a greater mummy
             ... on level 16 of a ziggurat on June 7, 2020.
             The game lasted 03:42:45 (70705 turns).

Ravlon the Pyromancer (GrEE)                       Turns: 70705, Time: 03:42:46

Health: -19/198    AC: 34    Str: 22      XL:     27
Magic:  38/46      EV: 24    Int: 50      God:    Vehumet [******]
Gold:   8803       SH:  8    Dex: 18 (20) Spells: 5/64 levels left

rFire    . . .     SeeInvis +   B - +9 demon whip (drain)
rCold    . . .     Gourm    .   M - +3 warlock's mirror {reflect}
rNeg     + + .     Faith    .   G - +0 robe "Yhufri" {rN+ Int+6}
rPois    ∞         Spirit   .   L - +2 hat {Int+3}
rElec    +         Reflect  +   R - +2 cloak {rCorr}
rCorr    +         Harm     .   E - +0 pair of fencer's gloves {Riposte Dex+3}
MR       ++...                  S - +2 pair of boots {run}
Stlth    +.........             n - amulet of Vitality {Regen+ HP+15}
HPRegen  0.83/turn              Q - ring "Pobbesan" {Str+6 Int+6 Dex+5}
MPRegen  0.30/turn              X - ring "Zuil" {*Slow Int+8 Slay+3 SInv}

@: contaminated, slowed, glowing, studying Translocations, lightly drained, very
slow
A: big wings, horns 1, agile 1, negative energy resistance 1, electricity
resistance, strong 1, unbreathing, petrification resistance, rot immunity, AC
+20
}: 4/15 runes: barnacled, slimy, silver, gossamer
a: Fly, Renounce Religion


You were on level 16 of a ziggurat.
You worshipped Vehumet.
Vehumet was exalted by your worship.
You were hungry.

You visited 11 branches of the dungeon, and saw 53 of its levels.
You visited the Abyss 2 times.
You visited 1 ziggurat, and saw 16 of its levels.
You also visited: Ossuary, Bailey, Gauntlet and Ice Cave.

You collected 10694 gold pieces.
You spent 1891 gold pieces at shops.

Inventory:

Hand Weapons
 B - a +9 demon whip of draining (weapon)
Missiles
 b - 893 stones (quivered)
 T - 9 throwing nets
Armour
 c - the +3 salamander hide armour {+Rage rF++}
   (You took it off an ironbrand convoker on level 5 of the Vaults)

   It greatly protects you from fire.
   It lets you go berserk.
 w - the +1 cloak of a Gauntlet {Slay+6}
   (You found it on level 13 of a ziggurat)

   It affects your accuracy and damage with ranged weapons and melee attacks
   (+6).
 E - the +0 pair of fencer's gloves (worn) {Riposte Dex+3}
   (You found it in a Gauntlet)

   It affects your dexterity (+3).
 G - the +0 robe "Yhufri" (worn) {rN+ Int+6}
   (You found it on level 3 of the Vaults)

   It affects your intelligence (+6).
   It protects you from negative energy.
 L - a +2 hat of intelligence (worn)
 M - the +3 warlock's mirror (worn) {reflect}
   (You found it on level 4 of the Spider Nest)
 R - a +2 cloak of preservation (worn)
 S - a +2 pair of boots of running (worn)
 V - a scarf of invisibility
Jewellery
 n - the amulet of Vitality (around neck) {Regen+ HP+15}
   (You found it on level 5 of the Pits of Slime)

   [amulet of regeneration]

   It affects your health (+15).
   It increases your rate of regeneration.
 u - the amulet of Zaret {Reflect Str+5 SH+5, unknown}
   (You found it on level 15 of a ziggurat)

   [amulet of reflection]

   It shields you and reflects attacks.
   It affects your strength (+5).
   It affects your SH (+5).
 v - the ring "Iruotaca" {rF+ Str+5, unknown}
   (You found it on level 15 of a ziggurat)

   [ring of protection from fire]

   It affects your strength (+5).
   It protects you from fire.
 F - the amulet of Arumiju {Acrobat +Fly MR+++ Int+4 Stlth-, unknown}
   (You found it on level 15 of a ziggurat)

   [amulet of the acrobat]

   It helps you evade while moving and waiting.
   It affects your intelligence (+4).
   It affects your resistance to hostile enchantments.
   It lets you fly.
   It makes you less stealthy.
 Q - the ring "Pobbesan" (left hand) {Str+6 Int+6 Dex+5}
   (You found it on level 3 of the Elven Halls)

   [ring of intelligence]

   It affects your strength (+6).
   It affects your intelligence (+6).
   It affects your dexterity (+5).
 X - the ring "Zuil" (right hand) {*Slow Int+8 Slay+3 SInv}
   (You bought it in a shop on level 2 of the Orcish Mines)

   [ring of see invisible]

   It affects your intelligence (+8).
   It affects your accuracy and damage with ranged weapons and melee attacks
   (+3).
   It lets you see invisible.
   It may slow you when you take damage.
 Z - the amulet "Intiofaho" {Faith rPois rC+ Str-2 Dex+4, unknown}
   (You found it on level 15 of a ziggurat)

   [amulet of faith]

   It allows you to gain divine favour quickly.
   It affects your strength (-2).
   It affects your dexterity (+4).
   It protects you from cold.
   It protects you from poison.
Wands
 f - a wand of polymorph (83)
 h - a wand of clouds (8)
 t - a wand of acid (10)
 O - a wand of iceblast (31)
Scrolls
 e - 33 scrolls of teleportation
 g - 2 scrolls of summoning
 q - 13 scrolls of amnesia
 s - 12 scrolls of fog
 x - 2 scrolls of holy word
 C - 31 scrolls of remove curse
 H - 8 scrolls of enchant weapon
 U - 8 scrolls of blinking
 W - a scroll of brand weapon
Potions
 a - a potion of magic
 i - 7 potions of brilliance
 j - 13 potions of might
 k - 4 potions of heal wounds
 l - 15 potions of curing
 m - 3 potions of cancellation
 z - 4 potions of stabbing
 D - 3 potions of invisibility
 J - 6 potions of ambrosia
 K - 5 potions of haste
 Y - 5 potions of berserk rage
Books
 I - a manual of Translocations
Miscellaneous
 o - 6 phantom mirrors
 p - 9 boxes of beasts
 y - a phial of floods
Comestibles
 d - 35 rations
 r - 8 chunks of flesh


   Skills:
 + Level 21.4(20.9) Fighting
 - Level 15.0(14.5) Maces & Flails
 - Level 11.1(10.7) Armour
 - Level 15.0(14.5) Dodging
 - Level 2.1(1.8) Stealth
 - Level 4.0(3.6) Shields
 + Level 19.2(18.8) Spellcasting
 - Level 20.0(19.5) Conjurations
 + Level 11.3(11.0) Necromancy
 - Level 5.0(4.6) Transmutations
 - Level 22.1(21.6) Fire Magic
 - Level 22.0(21.5) Earth Magic
 - Level 6.0(5.6) Evocations


You had 5 spell levels left.
You knew the following spells:

 Your Spells              Type           Power        Failure   Level  Hunger
a - Sandblast             Erth           ######       0%          1    None
b - Stone Arrow           Conj/Erth      ######       0%          3    None
c - Lee's Rapid Deconstr  Erth           ########..   0%          5    None
d - Iron Shot             Conj/Erth      ########..   0%          6    None
e - Bolt of Magma         Conj/Fire/Erth ########..   0%          5    None
f - Irradiate             Conj/Tmut      ########..   1%          5    None
g - Ignition              Fire           ########..   1%          8    None
h - Shatter               Erth           ########..   1%          9    ##.....
i - Fire Storm            Conj/Fire      ########..   2%          9    ##.....
j - Necromutation         Tmut/Necr      #######...   69%         8    None

Your spell library contained the following spells:

 Spells                   Type           Power        Failure   Level  Hunger
 Chain Lightning          Conj/Air       #######...   12%         8    None
 Absolute Zero            Ice            #####.....   100%        9    ##.....
 Animate Skeleton         Necr           N/A          0%          1    None
 Foxfire                  Conj/Fire      ####         0%          1    None
 Magic Dart               Conj           ####         0%          1    None
 Pain                     Necr           ####         0%          1    None
 Shock                    Conj/Air       ####         0%          1    None
 Passwall                 Tmut/Erth      ########     0%          2    None
 Searing Ray              Conj           ######       0%          2    None
 Conjure Flame            Conj/Fire      ########     0%          3    None
 Dazzling Flash           Conj/Hex       ######       0%          3    None
 Static Discharge         Conj/Air       #######.     0%          3    None
 Vampiric Draining        Necr           ########..   0%          3    None
 Sticky Flame             Conj/Fire      ########     0%          4    None
 Borgnjor's Vile Clutch   Necr/Erth      ########..   0%          5    None
 Fireball                 Conj/Fire      ########..   0%          5    None
 Apportation              Tloc           #####.       1%          1    None
 Beastly Appendage        Tmut           ######       1%          1    None
 Corona                   Hex            #####..      1%          1    None
 Freeze                   Ice            ####         1%          1    None
 Infusion                 Chrm           ####         1%          1    None
 Sting                    Tmut/Pois      ####         1%          1    None
 Summon Butterflies       Summ           #####...     1%          1    None
 Summon Small Mammal      Summ           ####         1%          1    None
 Blink                    Tloc           N/A          1%          2    None
 Call Imp                 Summ           #####...     1%          2    None
 Corpse Rot               Necr/Air       N/A          1%          2    None
 Ensorcelled Hibernation  Hex/Ice        #####.       1%          2    None
 Poisonous Vapours        Pois/Air       #####.       1%          2    None
 Shroud of Golubria       Chrm/Tloc      #####.       1%          2    None
 Slow                     Hex            #####...     1%          2    None
 Song of Slaying          Chrm           #####...     1%          2    None
 Sticks to Snakes         Tmut           #######.     1%          2    None
 Swiftness                Chrm/Air       #####...     1%          2    None
 Call Canine Familiar     Summ           #####...     1%          3    None
 Confusing Touch          Hex            #####...     1%          3    None
 Frozen Ramparts          Ice            #####.       1%          3    None
 Gell's Gravitas          Tloc           #####.....   1%          3    None
 Ignite Poison            Fire/Tmut/Pois #######.     1%          3    None
 Lesser Beckoning         Tloc           #####.....   1%          3    None
 Mephitic Cloud           Conj/Pois/Air  #######.     1%          3    None
 Ozocubu's Armour         Chrm/Ice       #####...     1%          3    None
 Portal Projectile        Hex/Tloc       #####.       1%          3    None
 Recall                   Summ/Tloc      N/A          1%          3    None
 Spectral Weapon          Hex/Chrm       #####...     1%          3    None
 Spider Form              Tmut/Pois      ######....   1%          3    None
 Tukima's Dance           Hex            #####...     1%          3    None
 Airstrike                Air            #####.....   1%          4    None
 Animate Dead             Necr           N/A          1%          4    None
 Dispel Undead            Necr           ########     1%          4    None
 Fulminant Prism          Conj/Hex       #######...   1%          4    None
 Hailstorm                Conj/Ice       #######.     1%          4    None
 Ice Form                 Ice/Tmut       ######..     1%          4    None
 Iskenderun's Mystic Bla  Conj/Tloc      #######.     1%          4    None
 Leda's Liquefaction      Hex/Erth       ########..   1%          4    None
 Olgreb's Toxic Radiance  Pois           #####...     1%          4    None
 Petrify                  Tmut/Erth      ########     1%          4    None
 Agony                    Necr           ########     1%          5    None
 Blade Hands              Tmut           #######...   1%          5    None
 Excruciating Wounds      Chrm/Necr      #######...   1%          5    None
 Iskenderun's Battlesphe  Conj/Chrm      #######.     1%          5    None
 Lightning Bolt           Conj/Air       #######...   1%          5    None
 Yara's Violent Unravell  Hex/Tmut       ######....   1%          5    None
 Passage of Golubria      Tloc           N/A          3%          4    None
 Summon Ice Beast         Ice/Summ       #####...     3%          4    None
 Summon Lightning Spire   Summ/Air       #####...     3%          4    None
 Alistair's Intoxication  Tmut/Pois      ######..     4%          5    None
 Metabolic Englaciation   Hex/Ice        #####.....   11%         5    None
 Silence                  Hex/Air        #####.....   11%         5    None
 Summon Demon             Summ           #####.....   11%         5    None
 Summon Mana Viper        Hex/Summ       #####...     11%         5    None
 Starburst                Conj/Fire      ########..   0%          6    None
 Conjure Ball Lightning   Conj/Air       #######...   1%          6    None
 Death Channel            Necr           ########..   1%          6    None
 Freezing Cloud           Conj/Ice/Air   #######...   1%          6    None
 Orb of Destruction       Conj           ########..   1%          7    None
 Spellforged Servitor     Conj/Summ      #######...   1%          7    None
 Lehudib's Crystal Spear  Conj/Erth      ########..   1%          8    None
 Ring of Flames           Chrm/Fire      ########..   3%          7    None
 Simulacrum               Ice/Necr       #######...   6%          6    None
 Hydra Form               Tmut           #######...   9%          6    None
 Eringya's Noxious Bog    Tmut/Pois      ######....   22%         6    None
 Borgnjor's Revivificati  Necr           ########..   26%         8    None
 Infestation              Necr           ########..   26%         8    None
 Haunt                    Necr/Summ      #######...   32%         7    None
 Dragon Form              Tmut           #######...   43%         7    None
 Invisibility             Hex            #####...     50%         6    None
 Death's Door             Chrm/Necr      #######...   95%         8    None
 Malign Gateway           Summ/Tloc      #####.....   97%         7    None
 Monstrous Menagerie      Summ           #####.....   97%         7    None
 Summon Greater Demon     Summ           #####.....   97%         7    None
 Summon Hydra             Summ           #####.....   97%         7    None
 Disjunction              Tloc           #####.....   100%        8    None
 Summon Horrible Things   Summ           #####.....   100%        8    None
 Tornado                  Air            #####.....   100%        9    ##.....
 Sublimation of Blood     Necr           Unusable     N/A         2    N/A
 Statue Form              Tmut/Erth      Unusable     N/A         6    N/A

Dungeon Overview and Level Annotations

Branches:
Dungeon (15/15)            Temple (1/1) D:5            Lair (6/6) D:10
 Shoals (4/4) Lair:4       Spider (4/4) Lair:2        Slime (5/5) Lair:6
    Orc (2/2) D:10            Elf (3/3) Orc:2        Vaults (5/5) D:13
  Crypt (3/3) Vaults:3       Tomb (0/3) Crypt:3      Depths (5/5) D:15
    Zot (0/5) Depths:5    Ossuary (visited)          Bailey (visited)
  IceCv (visited)         Gauntlet (visited)

Altars:
Ashenzari
Gozag
Hepliaklqana
Kikubaaqudgha
Makhleb
Okawaru
Qazlal
Ru
Sif Muna
Trog
Uskayaw
Vehumet
Wu Jian
Xom
Yredelemnul
The Shining One
Beogh
Jiyva

Shops:
Orc:1 (   Orc:2 [=[((}[(   Elf:3 (*!   Shoals:3 =   Vaults:3 (   Depths:3 =}=

Portals:
Hell: Depths:1 Depths:2 Depths:3 Depths:4 Depths:5
Abyss: Depths:1 Depths:3 Depths:4 Depths:5
Pandemonium: Depths:2 Depths:3 Depths:4

Annotations:
Elf:2 3 runed translucent doors


Innate Abilities, Weirdness & Mutations

You are resistant to torment.
Your stone body is resilient. (AC +20)
You are immune to poison.
Your large and strong wings let you fly indefinitely.
You resist negative energy. (rN+)
You are resistant to electric shocks. (rElec)
You can survive without breathing.
You are immune to petrification.
You are immune to rotting.
You have a pair of small horns on your head.
You are agile. (Dex +2)
Your muscles are strong. (Str +2)


Message History

The death scarab drains your vigour!
You feel as though you will be slow longer.
The death scarab waves its antennae.
The death scarab misses you. The death scarab barely misses you.
You riposte.
You whack the death scarab! You headbutt the death scarab.
The death scarab is heavily damaged.
The death scarab completely misses you. You block the death scarab's attack.
The death scarab completely misses you.
You riposte.
You hit the death scarab. You headbutt the death scarab.
The death scarab is moderately damaged.
The death scarab bites you but does no damage.
The death scarab closely misses you.
The death scarab bites you but does no damage.
The death scarab completely misses you. The death scarab misses you.
You riposte.
You hit the death scarab. You headbutt the death scarab.
The death scarab is heavily damaged.
The death scarab misses you.
The death scarab waves its antennae.
The death scarab bites you!!
You die...

▓...........▓
▓...........▓▓▓▓▓▓▓▓▓
....................▓
....................▓
....................▓
M..M................▓
8...Ms......bsss....▓
M.M.....M...bs@§...∩▓
M....sb.v....ss§....▓
.M..v...............▓
.M..†b..............▓
...v................▓
....................▓
▓..v........▓▓▓▓▓▓▓▓▓
▓...........▓


You could see a greater mummy, 2 bennus, 6 death scarabs and a friendly fire
vortex.

Vanquished Creatures
  the Royal Jelly (Slime:5)
  4 pandemonium lords
  Mennas (Depths:5)
  2 ancient liches
  Mara (Depths:1)
  A juggernaut (Depths:4)
  3 greater mummies (Zig:16)
  Sojobo (Depths:4)
  Margery (Depths:4)
  8 Killer Klowns
  Frederick (Depths:3)
  4 caustic shrikes
  Xtahua (Depths:3)
  4 golden dragons
  2 bone dragons (Crypt:3)
  Arachne (Spider:3)
  2 pearl dragons (Zig:4)
  the Enchantress (Depths:1)
  A hellephant (Zig:15)
  2 iron giants (Zig:10)
  A Brimstone Fiend (Zig:8)
  2 Ice Fiends
  A Hell Sentinel (Zig:10)
  7 tentacled monstrosities
  7 titans
  Asterion (Spider:2)
  25 acid blobs
  10 liches
  2 deep elf blademasters (Elf:3)
  2 deep elf master archers (Elf:3)
  9 ancient champions (Crypt:3)
  6 tentacled starspawn
  4 krakens
  An Executioner (Zig:8)
  The ghost of sosloow the Blocker, an adept DsWn of Hepliaklqana (Spider:4)
  7 sphinxes
  Kirke (Shoals:2)
  16 tengu reavers
  Gastronok (Lair:1)
  3 shadow dragons
  A draconian monk (Depths:5)
  Ilsuiw (Shoals:2)
  7 storm dragons
  2 fire giants (shapeshifter)
  9 frost giants
  An azure jelly (shapeshifter) (Zig:14)
  20 fire giants
  3 revenants
  A draconian scorcher (Depths:5)
  A draconian knight (Depths:5)
  20 vault wardens
  3 iron dragons
  6 deep elf sorcerers (Elf:3)
  14 azure jellies
  3 balrugs
  2 cacodemons (Zig:8)
  8 ghouls
  An orc warlord (Orc:2)
  8 deep elf elementalists
  2 juggernaut zombies
  5 ghost moths
  9 emperor scorpions
  A curse skull (Zig:11)
  Louise (Spider:3)
  15 ironheart preservers
  28 stone giants
  A juggernaut skeleton (Crypt:1)
  4 spriggan defenders
  3 reapers
  An angel (Abyss:2)
  4 entropy weavers
  3 war gargoyles
  26 very ugly things
  A corrupter (Zig:11)
  11 vampire knights
  A green draconian (Depths:5)
  12 deep elf demonologists
  An apis (Zig:4)
  Azrael (Spider:1)
  2 bennus (Zig:16)
  2 black draconians (Zig:3)
  A minotaur (shapeshifter) (Depths:4)
  2 yellow draconians
  2 lorocyprocas
  3 dire elephants (Zig:15)
  A minotaur (Gauntlet)
  3 white draconians (Depths:5)
  A dire elephant (shapeshifter) (Zig:14)
  5 spark wasps
  5 deep elf annihilators
  8 blizzard demons
  16 deep elf death magi
  10 eidola
  17 ettins
  19 fire dragons
  8 merfolk impalers
  4 merfolk javelineers (Shoals:4)
  2 green deaths (Zig:12)
  9 death oozes
  A mummy priest (Zig:16)
  15 jiangshi
  6 rakshasas
  An ice dragon (shapeshifter) (Vaults:5)
  19 great orbs of eyes
  8 deep elf high priests
  A quicksilver dragon skeleton (Crypt:3)
  25 yaktaur captains
  9 ice dragons
  16 hydras
  31 vault guards
  3 catoblepae
  4 spriggan air magi
  19 centaur warriors
  12 merfolk aquamancers
  11 merfolk avatars
  A death yak (Lair:1)
  A shambling mangrove (Zig:12)
  30 two-headed ogres
  2 death knights
  An alligator snapping turtle (Shoals:2)
  8 deep troll shamans
  8 vampire magi
  3 satyrs
  5 death scarabs (Zig:16)
  2 alligators (Zig:12)
  13 ogre magi
  6 spriggan berserkers
  10 deep troll earth magi
  2 naga sharpshooters (Depths:4)
  12 tengu warriors
  12 dancing weapons
  6 thrashing horrors
  3 orc high priests
  A titan zombie (Zig:10)
  9 large abominations
  A shock serpent (shapeshifter) (Zig:7)
  2 wretched stars (Abyss:3)
  A sun demon (Depths:3)
  A sixfirhy (Abyss:2)
  A titan skeleton (Crypt:3)
  18 deep elf knights
  A soul eater (Crypt:3)
  3 shadow wraiths
  An iron troll (Depths:4)
  2 storm dragon skeletons (Crypt:3)
  6 hell knights
  10 unseen horrors
  2 golden dragon zombies
  9 flayed ghosts
  54 skeletal warriors
  A fire crab (Zig:15)
  A shadow demon (Zig:14)
  8 sea snakes
  28 deep trolls
  4 wizards
  A glowing orange brain (Depths:4)
  4 spriggan druids
  2 swamp dragons (Zig:12)
  A glowing orange brain (shapeshifter) (Zig:14)
  2 obsidian statues (Zig:16)
  3 unseen horrors (shapeshifter)
  3 golden dragon skeletons (Crypt:3)
  A death drake (shapeshifter) (Vaults:4)
  3 orange crystal statues (Zig:2)
  18 deep elf archers
  3 lindwurms (Lair:6)
  21 harpies
  18 ironbrand convokers
  A lindwurm (shapeshifter) (Depths:2)
  30 wolf spiders
  2 fauns (shapeshifter)
  8 phantasmal warriors
  7 necromancers
  12 orb spiders
  An orb spider (shapeshifter) (Vaults:1)
  15 orc knights
  6 orc sorcerers
  35 ugly things
  61 deep elf magi
  A stone giant zombie (Abyss:2)
  A wolf spider (shapeshifter) (Zig:14)
  5 shining eyes
  3 oklob plants (Lair:6)
  5 fauns
  2 shadow dragon skeletons
  2 cyclopes (shapeshifter)
  12 cyclopes
  14 manticores
  11 merfolk sirens
  A sphinx skeleton (Crypt:2)
  5 frost giant zombies
  2 moths of wrath
  A manticore (shapeshifter) (Depths:3)
  A worldbinder (Abyss:3)
  A black mamba (shapeshifter) (Depths:1)
  17 elephants
  4 ice statues
  2 water nymphs
  11 torpor snails
  An apocalypse crab (Zig:14)
  A guardian serpent (Abyss:2)
  A guardian serpent (shapeshifter) (Vaults:4)
  10 vault sentinels
  7 black mambas
  2 frost giant skeletons (Crypt:3)
  2 centaur zombies
  2 rust devils (Depths:3)
  14 spiny frogs
  A naga mage (Vaults:3)
  An eye of devastation (Slime:3)
  A stone giant skeleton (Crypt:3)
  A shock serpent skeleton (Crypt:3)
  An orange demon (Depths:3)
  2 elf skeletons (Zig:16)
  3 gargoyles
  A spiny frog (shapeshifter) (Elf:3)
  A spriggan skeleton (Zig:11)
  2 minotaur zombies (Gauntlet)
  An efreet (Abyss:3)
  4 rime drakes
  9 anaconda simulacra
  3 guardian mummies (Zig:16)
  15 freezing wraiths
  8 ice devils
  A komodo dragon (shapeshifter) (Zig:14)
  64 yaktaurs
  14 komodo dragons
  3 ancient zymes (Abyss:2)
  12 demonic crawlers
  3 red devils
  A tormentor (Zig:10)
  5 tengu conjurers
  A white draconian skeleton (Crypt:1)
  4 golden dragon simulacra (IceCv)
  3 polar bears
  A jumping spider (shapeshifter) (Depths:1)
  2 merfolk (shapeshifter)
  36 jumping spiders
  44 merfolk
  6 trolls
  A polar bear (shapeshifter) (D:15)
  A wind drake (shapeshifter) (Vaults:4)
  A queen bee (shapeshifter) (Abyss:3)
  Prince Ribbit (Lair:3)
  Grinder (D:5)
  5 tyrant leeches
  An elf zombie (Zig:10)
  77 slime creatures
  14 hippogriffs
  23 hornets
  A harpy skeleton (Crypt:3)
  9 bog bodies
  8 blink frogs
  A raiju (Abyss:3)
  8 snapping turtles
  9 dream sheep
  2 slime creatures (shapeshifter)
  6 wind drakes
  2 hippogriffs (shapeshifter)
  A meliai zombie (D:15)
  6 air elementals
  A snapping turtle (shapeshifter) (Vaults:5)
  64 redbacks
  19 flying skulls
  An ice dragon skeleton (Crypt:3)
  2 shadows
  28 water elementals
  6 starcursed masses (Abyss:3)
  A redback (shapeshifter) (Vaults:5)
  5 spriggans
  A fire dragon skeleton (Crypt:2)
  6 centaur simulacra
  An ushabti (Zig:16)
  5 vampires
  33 yaks
  16 tarantellas
  6 wraiths
  Eustachio (D:5)
  2 wyverns
  9 small abominations
  3 basilisks
  4 hogs (Shoals:2)
  2 dire elephant simulacra (IceCv)
  A steam dragon (D:10)
  5 fire elementals
  A human (shapeshifter) (Abyss:2)
  6 vampire mosquitoes
  7 chaos spawn
  4 hungry ghosts
  2 harpy simulacra (IceCv)
  A neqoxec (Depths:2)
  3 wargs
  A soldier ant (D:14)
  An iron troll simulacrum (IceCv)
  2 acid dragons
  A hydra simulacrum (IceCv)
  6 insubstantial wisps
  A swamp worm (shapeshifter) (Vaults:5)
  A two-headed ogre skeleton (Crypt:1)
  30 water moccasins
  5 floating eyes
  4 hell hounds
  A soldier ant (shapeshifter) (Vaults:1)
  8 porcupines
  A spiny frog skeleton (Crypt:3)
  A swamp drake (Zig:12)
  4 black bears
  A gelid demonspawn skeleton (Crypt:2)
  58 orc warriors
  4 ice beasts
  3 sky beasts
  24 ogres
  An ettin simulacrum (IceCv)
  5 necrophages
  2 phantoms
  5 boggarts
  A dream sheep zombie (Crypt:1)
  An ice dragon simulacrum (Crypt:2)
  10 eyes of draining
  A blink frog zombie (Crypt:1)
  14 wolves
  A swamp dragon skeleton (Crypt:3)
  21 crocodiles
  31 centaurs
  3 big kobolds
  Blork the orc (D:5)
  A gnoll sergeant (D:8)
  17 bullfrogs
  An earth elemental (Elf:3)
  A spiny frog simulacrum (Lair:2)
  A cyclops zombie (Crypt:2)
  A hornet simulacrum (Gauntlet)
  5 scorpions
  A troll zombie (Crypt:3)
  2 water moccasin skeletons
  A scorpion (shapeshifter) (Depths:3)
  2 elephant simulacra (IceCv)
  10 killer bees
  15 wights
  3 howler monkeys
  7 electric eels
  12 crimson imps
  A draconian simulacrum (IceCv)
  2 hippogriff simulacra (Lair:2)
  4 human simulacra
  3 quasits
  5 bullfrog zombies
  2 iron imps (Zig:10)
  A hound (shapeshifter) (Depths:3)
  8 hounds
  3 human zombies
  9 centaur skeletons
  6 jellies
  26 orc priests
  A wyvern simulacrum (Gauntlet)
  35 orc wizards
  A bullfrog skeleton (D:12)
  A basilisk skeleton (Crypt:2)
  7 iguanas
  3 troll simulacra (IceCv)
  13 worker ants
  A hell rat (Lair:6)
  A spriggan simulacrum (IceCv)
  A yak simulacrum (Lair:2)
  A killer bee zombie (D:8)
  A felid zombie (Crypt:3)
  A big kobold skeleton (Crypt:3)
  A naga zombie (Crypt:3)
  2 dwarf skeletons
  A felid skeleton (Crypt:3)
  A tengu skeleton (Crypt:3)
  4 hound zombies
  5 hound skeletons
  A porcupine simulacrum (Lair:2)
  12 mummies
  A worker ant zombie (D:7)
  8 gnolls
  7 adders
  A howler monkey skeleton (D:9)
  2 naga simulacra (IceCv)
  A swamp drake zombie (Crypt:3)
  2 ogre simulacra (IceCv)
  4 shadow imps
  15 white imps
  7 ufetubi
  An ooze (D:3)
  An adder zombie (Ossuary)
  A lava snake zombie (Crypt:2)
  An adder skeleton (D:6)
  A lava snake skeleton (Crypt:2)
  3 worms
  5 dart slugs
  6 leopard geckos
  153 orcs
  8 bats
  A bat zombie (Crypt:2)
  7 giant cockroaches
  A gnoll zombie (Ossuary)
  13 goblins
  6 hobgoblins
  4 jackals (D:7)
  8 quokkas
  2 ball pythons
  10 frilled lizards
  A frilled lizard zombie (Crypt:3)
  2 goblin zombies (Ossuary)
  A hobgoblin skeleton (Crypt:2)
  2 jackal zombies (Ossuary)
  35 kobolds
  A leopard gecko skeleton (D:5)
  An orc zombie (Ossuary)
  A quokka zombie (D:8)
  6 rats
  A rat skeleton (Crypt:1)
  A rat zombie (Ossuary)
  2 crawling corpses (Vaults:1)
  23 fire vortices
  A fungus (Lair:6)
  12 plants
  12 starspawn tentacles
  13 tentacles
2950 creatures vanquished.

Vanquished Creatures (collateral kills)
  A caustic shrike (Depths:5)
  A lich (Depths:2)
  An ettin (Depths:1)
  An ice dragon (Depths:1)
  A redback (shapeshifter) (Zig:14)
5 creatures vanquished.

Vanquished Creatures (others)
  2 jumping spiders (Spider:3)
  An orc priest (Orc:1)
  An iron imp (Abyss:3)
  A worker ant (D:13)
  An orc (Orc:1)
  A goblin (D:1)
  A bush (Lair:3)
  80 fire vortices
  A fungus (Lair:6)
  18 plants
  5 starspawn tentacles
  8 tentacles
  25 withered plants (Crypt:3)
145 creatures vanquished.

Grand Total: 3100 creatures vanquished

Notes
Turn   | Place    | Note
-------+----------+-------------------------------------------
     0 | D:1      | Ravlon the Gargoyle Earth Elementalist began the quest for
                  | the Orb.
     0 | D:1      | Reached XP level 1. HP: 10/10 MP: 3/3
   223 | D:1      | Reached XP level 2. HP: 11/15 MP: 5/5
   679 | D:1      | Reached XP level 3. HP: 19/19 MP: 6/6
   774 | D:1      | Learned a level 3 spell: Stone Arrow
  1501 | D:2      | Reached skill level 1 in Conjurations
  1501 | D:2      | Reached XP level 4. HP: 13/24 MP: 8/8
  2075 | D:2      | Found a glowing golden altar of the Shining One.
  2080 | D:2      | Found an ornate altar of the Wu Jian Council.
  2083 | D:2      | Found a shimmering blue altar of Sif Muna.
  2587 | D:3      | Reached skill level 5 in Earth Magic
  2654 | D:3      | Reached XP level 5. HP: 28/28 MP: 9/9
  2661 | D:3      | Learned a level 5 spell: Lee's Rapid Deconstruction
  3147 | D:3      | Found a sacrificial altar of Ru.
  3322 | D:4      | Noticed a fire elemental
  3324 | D:4      | Found a stormy altar of Qazlal.
  3325 | D:4      | Noticed a water elemental
  3325 | D:4      | Noticed an air elemental
  3463 | D:4      | Noticed an ogre
  3467 | D:4      | Killed an ogre
  3521 | D:4      | Noticed an ogre
  3523 | D:4      | Reached XP level 6. HP: 32/32 MP: 8/11
  3823 | D:4      | Reached XP level 7. HP: 22/36 MP: 13/13
  4827 | D:5      | Entered Level 5 of the Dungeon
  4887 | D:5      | Noticed Eustachio
  4887 | D:5      | Noticed Blork the orc
  4895 | D:5      | Killed Blork the orc
  4896 | D:5      | Killed Eustachio
  5051 | D:5      | Reached skill level 5 in Spellcasting
  5412 | D:5      | Found a shimmering altar of Xom.
  5412 | D:5      | Noticed Grinder
  5412 | D:5      | Paralysed by Grinder for 4 turns
  5417 | D:5      | Reached skill level 5 in Conjurations
  5417 | D:5      | Reached XP level 8. HP: 41/41 MP: 4/15
  5427 | D:5      | Killed Grinder
  5530 | D:5      | Found a staircase to the Ecumenical Temple.
  5549 | Temple   | Entered the Ecumenical Temple
  5560 | Temple   | Became a worshipper of Vehumet
  5898 | D:6      | Reached skill level 1 in Fighting
  5898 | D:6      | Reached skill level 1 in Maces & Flails
  5898 | D:6      | Reached skill level 1 in Armour
  5898 | D:6      | Reached skill level 1 in Evocations
  6327 | D:6      | Found an ancient bone altar of Kikubaaqudgha.
  6791 | D:7      | Noticed a troll
  6800 | D:7      | Killed a troll
  6800 | D:7      | Reached XP level 9. HP: 29/48 MP: 9/17
  7134 | D:7      | Reached * piety under Vehumet
  7134 | D:7      | Offered knowledge of Magic Dart by Vehumet.
  8132 | D:7      | Got a scorched rapier
  8133 | D:7      | Identified the +6 rapier of Dismemberment {flame, +Fly
                  | rPois Stlth+} (You found it on level 7 of the Dungeon)
  8748 | D:8      | Reached ** piety under Vehumet
  8748 | D:8      | Offered knowledge of Foxfire by Vehumet.
  8751 | D:8      | Reached XP level 10. HP: 56/56 MP: 14/19
  8974 | D:8      | Noticed a two-headed ogre
  8982 | D:8      | Killed a two-headed ogre
  9019 | D:8      | Found a sand-covered staircase.
  9068 | D:8      | Noticed a two-headed ogre
  9072 | D:8      | Killed a two-headed ogre
  9147 | Ossuary  | Entered an ossuary
  9169 | Ossuary  | Offered knowledge of Frozen Ramparts by Vehumet.
  9185 | Ossuary  | Reached *** piety under Vehumet
 10602 | D:9      | Offered knowledge of Fulminant Prism by Vehumet.
 10729 | D:9      | Reached XP level 11. HP: 18/62 MP: 21/21
 10737 | D:9      | Reached skill level 5 in Armour
 11029 | D:9      | Reached skill level 5 in Fighting
 11448 | D:10     | Entered Level 10 of the Dungeon
 11539 | D:10     | Found a flagged portal.
 11571 | Bailey   | Entered a bailey
 12547 | D:10     | Reached **** piety under Vehumet
 12652 | D:10     | Reached skill level 5 in Maces & Flails
 12819 | D:10     | Found a staircase to the Orcish Mines.
 12951 | D:10     | Offered knowledge of Conjure Flame by Vehumet.
 13218 | D:10     | Found a staircase to the Lair.
 13246 | D:10     | Reached skill level 10 in Earth Magic
 13973 | D:11     | Noticed a cyclops
 13984 | D:11     | Killed a cyclops
 13984 | D:11     | Reached ***** piety under Vehumet
 13984 | D:11     | Offered knowledge of Conjure Ball Lightning by Vehumet.
 13984 | D:11     | Reached skill level 5 in Evocations
 13997 | D:11     | Identified a scroll of acquirement
 14008 | D:11     | Learned a level 6 spell: Iron Shot
 14014 | D:11     | Learned a level 5 spell: Bolt of Magma
 14231 | D:12     | Noticed a two-headed ogre
 14237 | D:12     | Killed a two-headed ogre
 14255 | D:12     | Reached skill level 5 in Dodging
 14267 | D:12     | Reached XP level 12. HP: 40/70 MP: 18/23
 15474 | D:13     | Noticed a tengu warrior
 15474 | D:13     | Noticed a centaur warrior
 15474 | D:13     | Noticed a tengu warrior
 15499 | D:13     | Killed a tengu warrior
 15499 | D:13     | Killed a centaur warrior
 15509 | D:13     | Killed a tengu warrior
 15610 | D:13     | Found a gate to the Vaults.
 15650 | D:13     | Noticed an ironheart preserver
 15673 | D:13     | Killed an ironheart preserver
 15673 | D:13     | Reached XP level 13. HP: 23/76 MP: 3/25
 15829 | D:13     | Offered knowledge of Spellforged Servitor by Vehumet.
 16931 | D:14     | Found a gate leading to a gauntlet.
 16954 | Gauntlet | Entered a Gauntlet
 16954 | Gauntlet | Found a transporter.
 16954 | Gauntlet | Found a transporter.
 16954 | Gauntlet | Found a transporter.
 16964 | Gauntlet | Found a transporter.
 16965 | Gauntlet | Found the +0 pair of fencer's gloves {Riposte Dex+3}
 16967 | Gauntlet | Found a transporter.
 16975 | Gauntlet | Found a transporter.
 16978 | Gauntlet | Found a transporter.
 16984 | Gauntlet | Noticed a blizzard demon
 16985 | Gauntlet | Found a runed translucent door.
 16988 | Gauntlet | Found a transporter.
 17004 | Gauntlet | Found a transporter.
 17004 | Gauntlet | Noticed a balrug
 17011 | Gauntlet | Found a transporter.
 17013 | Gauntlet | Found a transporter.
 17023 | Gauntlet | Found a transporter.
 17349 | Gauntlet | Killed a blizzard demon
 17466 | Gauntlet | Learned a level 5 spell: Irradiate
 17484 | Gauntlet | Noticed a minotaur
 17492 | Gauntlet | Killed a minotaur
 17861 | D:14     | Reached skill level 10 in Conjurations
 18177 | D:14     | Offered knowledge of Yara's Violent Unravelling by Vehumet.
 18852 | D:14     | Noticed an ettin
 18859 | D:14     | Killed an ettin
 18944 | D:14     | Noticed a rakshasa
 18948 | D:14     | Killed a rakshasa
 18948 | D:14     | Gained mutation: Your large and strong wings let you fly
                  | indefinitely. [Gargoyle growth]
 18948 | D:14     | Reached XP level 14. HP: 84/84 MP: 13/27
 19477 | Lair:1   | Entered Level 1 of the Lair of Beasts
 19507 | Lair:1   | Noticed Gastronok
 19522 | Lair:1   | Gained mutation: You occasionally shout uncontrollably at
                  | your foes. [mutagenic glow]
 19645 | Lair:1   | Killed Gastronok
 19991 | Lair:1   | You fall into a shaft and drop 1 floor!
 20073 | Lair:2   | Found a transporter.
 20111 | Lair:2   | Found a transporter.
 20305 | Lair:2   | You fall into a shaft and drop 2 floors!
 20691 | Lair:1   | Got a slimy rapier
 20692 | Lair:1   | Identified the cursed +3 rapier of Integrity {freeze, rElec
                  | MP+9} (You found it on level 1 of the Lair of Beasts)
 21530 | Lair:2   | Found a hole to the Spider Nest.
 22059 | Lair:3   | Noticed Prince Ribbit
 22061 | Lair:3   | Offered knowledge of Ozocubu's Refrigeration by Vehumet.
 22073 | Lair:3   | Killed Prince Ribbit
 22074 | Lair:3   | Reached skill level 10 in Spellcasting
 22241 | Lair:3   | Reached skill level 1 in Fire Magic
 23376 | Lair:4   | Found a staircase to the Shoals.
 23708 | Lair:5   | Reached skill level 5 in Fire Magic
 23805 | Lair:5   | Reached XP level 15. HP: 56/92 MP: 29/29
 24416 | Lair:6   | Entered Level 6 of the Lair of Beasts
 24637 | Lair:6   | Found a staircase to the Slime Pits.
 24682 | Lair:6   | Offered knowledge of Orb of Destruction by Vehumet.
 25413 | Lair:6   | Found a runed translucent door.
 25576 | Lair:6   | Reached skill level 10 in Fire Magic
 25781 | Lair:6   | Lost mutation: You occasionally shout uncontrollably at
                  | your foes. [potion of mutation]
 25781 | Lair:6   | Gained mutation: You are somewhat resistant to further
                  | mutation. [potion of mutation]
 25781 | Lair:6   | Lost mutation: You are somewhat resistant to further
                  | mutation. [potion of mutation]
 25781 | Lair:6   | Gained mutation: Your spells are a little harder to cast,
                  | but a little more powerful. [potion of mutation]
 26925 | Orc:1    | Entered Level 1 of the Orcish Mines
 26926 | Orc:1    | Upgraded the game from 0.26-a0-26-ge22fd8933b to
                  | 0.26-a0-43-g20b394cb32
 27045 | Orc:2    | Entered Level 2 of the Orcish Mines
 27354 | Orc:2    | Found Pirrati's Antique Weapon Emporium.
 27468 | Orc:2    | Found Ahumo's Gadget Emporium.
 27478 | Orc:2    | Reached ****** piety under Vehumet
 27570 | Orc:2    | Found Wurgh's Weapon Boutique.
 27591 | Orc:2    | Found a roughly hewn altar of Beogh.
 27696 | Orc:2    | Found a roughly hewn altar of Beogh.
 27726 | Orc:2    | Found Bin Kubb's Armour Shop.
 27789 | Orc:2    | Found a staircase to the Elven Halls.
 28145 | Orc:2    | Offered knowledge of Iskenderun's Battlesphere by Vehumet.
 28175 | Orc:2    | Found a roughly hewn altar of Beogh.
 28177 | Orc:2    | Found Ximuabb's Jewellery Emporium.
 28180 | Orc:2    | Reached XP level 16. HP: 94/96 MP: 18/30
 28204 | Orc:2    | Bought the ring "Zuil" {*Slow Int+8 Slay+3 SInv} for 641
                  | gold pieces
 28568 | Orc:2    | Found Quonas's Antique Weapon Boutique.
 28600 | Orc:2    | Found Dacahyot's Antique Armour Shop.
 28601 | Orc:2    | Found a roughly hewn altar of Beogh.
 28610 | Orc:2    | Bought a bloodstained demon whip for 380 gold pieces
 28610 | Orc:2    | Identified the +4 demon whip "Zeiha" {freeze, +Blink +Fly
                  | rF- Dex+5} (You bought it in a shop on level 2 of the
                  | Orcish Mines)
 28660 | Orc:2    | Found Ejitrigu's Antique Armour Shoppe.
 28667 | Orc:2    | Bought a dull robe for 142 gold pieces
 28667 | Orc:2    | Identified the cursed +1 robe of Kotusee {+Fly rC+} (You
                  | bought it in a shop on level 2 of the Orcish Mines)
 28706 | Orc:2    | Found a roughly hewn altar of Beogh.
 28852 | Orc:2    | Found a roughly hewn altar of Beogh.
 28965 | Orc:1    | Found Loptinea's Weapon Shop.
 29511 | D:15     | Entered Level 15 of the Dungeon
 29678 | D:15     | Offered knowledge of Lehudib's Crystal Spear by Vehumet.
 29697 | D:15     | Learned a level 8 spell: Ignition
 30163 | D:15     | Found a staircase to the Depths.
 31230 | Spider:1 | Entered Level 1 of the Spider Nest
 31286 | Spider:1 | Gained mutation: You are dopey. (Int -2) [mutagenic glow]
 31324 | Spider:1 | Gained mutation: Your body sometimes deteriorates upon
                  | taking damage. [mutagenic glow]
 31409 | Spider:1 | Noticed Azrael
 31415 | Spider:1 | Reached skill level 15 in Fire Magic
 31417 | Spider:1 | Killed Azrael
 32634 | Spider:2 | Reached skill level 10 in Fighting
 33023 | Spider:2 | Reached XP level 17. HP: 102/102 MP: 31/31
 33167 | Spider:2 | Offered knowledge of Fire Storm by Vehumet.
 33167 | Spider:2 | Offered knowledge of Chain Lightning by Vehumet.
 33167 | Spider:2 | Offered knowledge of Absolute Zero by Vehumet.
 33491 | Spider:3 | Noticed Asterion
 33502 | Spider:2 | Noticed an Executioner
 33505 | Spider:2 | Killed Asterion
 33778 | Spider:3 | Noticed Arachne
 33798 | Spider:3 | Killed Arachne
 33883 | Spider:3 | Identified the +3 tower shield of Gaiguang {*Contam rN+ MR+
                  | Int+4 Dex+4}
 33883 | Spider:3 | Noticed Louise
 33906 | Spider:3 | Cast into level 2 of the Abyss (Louise)
 33994 | Abyss:2  | Got a dazzling leather armour
 34067 | Abyss:2  | Noticed a tentacled starspawn
 34076 | Abyss:2  | Killed a tentacled starspawn
 34080 | Abyss:2  | Noticed a tentacled starspawn
 34095 | Abyss:2  | Killed a tentacled starspawn
 34157 | Spider:3 | Escaped the Abyss
 34167 | Spider:3 | Killed Louise
 34462 | Spider:3 | Identified the +3 leather armour of Conscience {rCorr
                  | Int+3} (You found it on level 2 of the Abyss)
 34638 | Spider:4 | Entered Level 4 of the Spider Nest
 34679 | Spider:4 | Reached XP level 18. HP: 108/108 MP: 32/32
 35264 | Spider:4 | Found a runed translucent gate.
 35264 | Spider:4 | Found a runed translucent gate.
 35264 | Spider:4 | Found a runed translucent gate.
 35265 | Spider:4 | Noticed sosloow's ghost (adept DsWn)
 35274 | Spider:4 | Reached skill level 10 in Maces & Flails
 35292 | Spider:4 | Killed sosloow's ghost
 35400 | Spider:4 | Identified the +0 pair of boots of the Big Bang {Str+3
                  | SInv} (You found it on level 4 of the Spider Nest)
 35665 | Spider:4 | Found the +3 warlock's mirror {reflect}
 35672 | Spider:4 | Reached XP level 19. HP: 110/114 MP: 20/33
 35842 | Spider:4 | Got a gossamer rune of Zot
 36139 | Shoals:1 | Entered Level 1 of the Shoals
 36508 | Shoals:1 | Reached skill level 1 in Shields
 37415 | Shoals:2 | Noticed Kirke
 37427 | Shoals:2 | Killed Kirke
 37898 | Shoals:2 | Noticed Ilsuiw
 37916 | Shoals:2 | Killed Ilsuiw
 38489 | Shoals:3 | Found Diblem's Jewellery Shoppe.
 38545 | Shoals:3 | Found a burning altar of Makhleb.
 38999 | Shoals:3 | Lost mutation: Your spells are a little harder to cast, but
                  | a little more powerful. [potion of mutation]
 38999 | Shoals:3 | Lost mutation: Your body sometimes deteriorates upon taking
                  | damage. [potion of mutation]
 38999 | Shoals:3 | Lost mutation: You are dopey. (Int -2) [potion of mutation]
 38999 | Shoals:3 | Gained mutation: You have a pair of small horns on your
                  | head. [potion of mutation]
 38999 | Shoals:3 | Gained mutation: You have sharp toenails. [potion of
                  | mutation]
 39886 | Elf:1    | Entered Level 1 of the Elven Halls
 40114 | Elf:1    | Identified the Papyrus of Confrontation
 40396 | Elf:1    | Reached XP level 20. HP: 98/121 MP: 22/35
 41052 | Elf:2    | Found a frozen archway.
 41058 | IceCv    | Entered an ice cave
 41738 | IceCv    | Identified the Incunabulum of Orientation
 42299 | Elf:2    | Found a runed translucent gate.
 42299 | Elf:2    | Found a runed translucent gate.
 42299 | Elf:2    | Found a runed translucent gate.
 42735 | Elf:3    | Entered Level 3 of the Elven Halls
 42768 | Elf:3    | Found Ytua's Distillery.
 42770 | Elf:3    | Found a shimmering blue altar of Sif Muna.
 42787 | Elf:3    | Bought a potion of invisibility for 112 gold pieces
 42787 | Elf:3    | Bought a potion of haste for 140 gold pieces
 42787 | Elf:3    | Bought a potion of magic for 112 gold pieces
 42787 | Elf:3    | Bought a potion of curing for 42 gold pieces
 42787 | Elf:3    | Bought a potion of resistance for 140 gold pieces
 42787 | Elf:3    | Bought a potion of invisibility for 112 gold pieces
 42787 | Elf:3    | Bought a potion of curing for 42 gold pieces
 42806 | Elf:3    | Found Nar Quen's General Store.
 42813 | Elf:3    | Bought a scroll of identify for 28 gold pieces
 42913 | Elf:3    | Found Honkent's Antique Weapon Shop.
 43241 | Elf:3    | Reached skill level 15 in Earth Magic
 43241 | Elf:3    | Reached skill level 10 in Dodging
 43241 | Elf:3    | Cast into level 3 of the Abyss (a deep elf demonologist)
 43255 | Abyss:3  | Found a corrupted altar of Lugonu.
 43275 | Abyss:3  | Noticed a bone dragon
 43545 | Abyss:3  | Reached XP level 21. HP: 102/102 MP: 31/37
 43627 | Elf:3    | Escaped the Abyss
 43945 | Elf:3    | Identified the +3 leather armour of Nemelex Xobeh's Scorn
                  | {-Cast rC+++ Dex+8} (You found it on level 3 of the Elven
                  | Halls)
 43972 | Elf:3    | Identified the ring "Zejymie" {Int+6 Stlth+}
 43974 | Elf:3    | Found the +6 shillelagh "Devastator" {shatter}
 44015 | Elf:3    | Identified the +0 buckler "Duegor" {Int+3} (You found it on
                  | level 3 of the Elven Halls)
 44018 | Elf:3    | Identified the +0 robe "Qourghecu" {Harm rN++ MR- Str-3}
                  | (You found it on level 3 of the Elven Halls)
 44043 | Elf:3    | Got a transparent steel ring
 44044 | Elf:3    | Identified the ring "Jety" {Int+6 Dex+4 SInv} (You found it
                  | on level 3 of the Elven Halls)
 44059 | Elf:3    | Identified Tuiv's Almanac of Ghastly Clay
 44066 | Elf:3    | Got a crude granite ring
 44067 | Elf:3    | Identified the ring "Pofumum" {rCorr Str+2} (You found it
                  | on level 3 of the Elven Halls)
 44110 | Elf:3    | Found the +9 sword of Zonguldrok {reap}
 44117 | Elf:3    | Got a fine jade ring
 44118 | Elf:3    | Identified the ring "Pobbesan" {Str+6 Int+6 Dex+5} (You
                  | found it on level 3 of the Elven Halls)
 45060 | Shoals:4 | Entered Level 4 of the Shoals
 45317 | Shoals:4 | Identified the cursed +0 plate armour of Ennui {rN+ Str+2
                  | Slay+3}
 45732 | Shoals:4 | Got a barnacled rune of Zot
 46604 | D:10     | Upgraded the game from 0.26-a0-43-g20b394cb32 to
                  | 0.26-a0-53-g45f243fec8
 46820 | Vaults:1 | Entered Level 1 of the Vaults
 47169 | Vaults:1 | Found a hide-covered altar of Uskayaw.
 47479 | Vaults:1 | Reached XP level 22. HP: 93/135 MP: 38/38
 50502 | Vaults:3 | Found Irpheudue's Weapon Boutique.
 50552 | Vaults:3 | Reached XP level 23. HP: 142/142 MP: 10/40
 50673 | Vaults:3 | Identified the +2 robe "Capoidd" {rC+++ Str+3 Int-5}
 50717 | Vaults:3 | Found a radiant altar of Vehumet.
 50739 | Vaults:3 | Got a thick robe
 50750 | Vaults:3 | Identified the +0 robe "Yhufri" {rN+ Int+6} (You found it
                  | on level 3 of the Vaults)
 50911 | Vaults:3 | Learned a level 9 spell: Shatter
 51164 | Vaults:3 | Found a staircase to the Crypt.
 51578 | Vaults:4 | Reached skill level 15 in Conjurations
 52941 | Vaults:5 | Entered Level 5 of the Vaults
 52947 | Vaults:5 | Noticed a golden dragon
 52963 | Vaults:5 | Noticed a golden dragon
 52973 | Vaults:5 | Reached XP level 24. HP: 117/149 MP: 22/40
 52980 | Vaults:5 | Identified the +4 chain mail "Pakho" {-Cast Harm rN+}
 53112 | Vaults:5 | Identified the cursed +3 scimitar of Eternal Harmony {elec,
                  | rN+}
 53116 | Vaults:5 | Reached skill level 15 in Fighting
 53155 | Vaults:4 | Gained mutation: You do not regenerate when monsters are
                  | visible. [mutagenic glow]
 53156 | Vaults:4 | Lost mutation: You have sharp toenails. [potion of
                  | mutation]
 53156 | Vaults:4 | Lost mutation: You do not regenerate when monsters are
                  | visible. [potion of mutation]
 53156 | Vaults:4 | Lost mutation: You have a pair of small horns on your head.
                  | [potion of mutation]
 53156 | Vaults:4 | Gained mutation: You are weak. (Str -2) [potion of
                  | mutation]
 53156 | Vaults:4 | Gained mutation: You are agile. (Dex +2) [potion of
                  | mutation]
 53156 | Vaults:4 | Gained mutation: Potions are less effective at restoring
                  | your health. [potion of mutation]
 53156 | Vaults:4 | Gained mutation: You are very agile. (Dex +4) [potion of
                  | mutation]
 53157 | Vaults:4 | Lost mutation: You are very agile. (Dex +4) [potion of
                  | mutation]
 53157 | Vaults:4 | Lost mutation: You are weak. (Str -2) [potion of mutation]
 53157 | Vaults:4 | Lost mutation: You are agile. (Dex +2) [potion of mutation]
 53157 | Vaults:4 | Lost mutation: Potions are less effective at restoring your
                  | health. [potion of mutation]
 53157 | Vaults:4 | Gained mutation: You tend to lose your temper in combat.
                  | [potion of mutation]
 53157 | Vaults:4 | Gained mutation: You have large cloven feet. [potion of
                  | mutation]
 53158 | Vaults:4 | Lost mutation: You tend to lose your temper in combat.
                  | [potion of mutation]
 53158 | Vaults:4 | Lost mutation: You have large cloven feet. [potion of
                  | mutation]
 53158 | Vaults:4 | Gained mutation: Scrolls take you a little longer to read.
                  | [potion of mutation]
 53158 | Vaults:4 | Gained mutation: You do not regenerate when monsters are
                  | visible. [potion of mutation]
 53158 | Vaults:4 | Gained mutation: Your mind is acute. (Int +2) [potion of
                  | mutation]
 53683 | Vaults:4 | Learned a level 9 spell: Fire Storm
 53735 | Vaults:5 | Reached XP level 25. HP: 56/156 MP: 23/41
 54677 | Vaults:5 | Got a silver rune of Zot
 55174 | Crypt:1  | Entered Level 1 of the Crypt
 56900 | Crypt:3  | Entered Level 3 of the Crypt
 56966 | Crypt:3  | Found a basalt altar of Yredelemnul.
 56985 | Crypt:3  | Noticed an ancient lich
 56988 | Crypt:3  | Killed an ancient lich
 57013 | Crypt:3  | Got a coiled golden ring
 57016 | Crypt:3  | Identified the ring "Icunusy" {rF+ Stlth+} (You found it on
                  | level 3 of the Crypt)
 57741 | Crypt:3  | Found a staircase to the Tomb.
 57800 | Crypt:3  | Reached XP level 26. HP: 125/163 MP: 1/41
 58198 | Crypt:3  | Reached skill level 15 in Maces & Flails
 59282 | Slime:1  | Entered Level 1 of the Pits of Slime
 59368 | Slime:3  | Reached skill level 15 in Spellcasting
 59742 | Slime:5  | Entered Level 5 of the Pits of Slime
 60023 | Slime:5  | Found a viscous altar of Jiyva.
 60036 | Slime:5  | Found the amulet of Vitality {Regen+ HP+15}
 60055 | Slime:5  | Paralysed by a floating eye for 2 turns
 60058 | Slime:5  | Noticed the Royal Jelly
 60061 | Slime:5  | Killed the Royal Jelly
 60291 | Slime:5  | Got a slimy rune of Zot
 60327 | Slime:5  | Identified the +1 robe of Cuynat {Harm +Inv rElec MR+} (You
                  | found it on level 5 of the Pits of Slime)
 60733 | Depths:1 | Entered Level 1 of the Depths
 60737 | Depths:1 | Noticed the Enchantress
 60738 | Depths:1 | Killed the Enchantress
 60966 | Depths:1 | Reached XP level 27. HP: 170/170 MP: 37/42
 61102 | Depths:1 | Noticed Mara
 61108 | Depths:1 | Killed Mara
 61557 | Depths:1 | Found a one-way gate to the infinite horrors of the Abyss.
 61644 | Depths:1 | Found a gateway to Hell.
 61954 | Depths:2 | Found a shattered altar of Ashenzari.
 62387 | Depths:2 | Identified Raph's Incunabulum of the Destructive Entourage
 62856 | Depths:2 | Found a one-way gate leading to the halls of Pandemonium.
 63413 | Depths:3 | Identified the +5 ring mail "Fiunier" {Slay+3 Stlth+}
 64224 | Depths:3 | Lost mutation: Your mind is acute. (Int +2) [potion of
                  | mutation]
 64224 | Depths:3 | Lost mutation: Scrolls take you a little longer to read.
                  | [potion of mutation]
 64224 | Depths:3 | Gained mutation: Armour fits poorly on your strangely
                  | shaped body. [potion of mutation]
 64224 | Depths:3 | Gained mutation: You have a pair of small horns on your
                  | head. [potion of mutation]
 64299 | Depths:3 | Found Zotemopi's Jewellery Emporium.
 64300 | Depths:3 | Found Pywk's Gadget Shop.
 64301 | Depths:3 | Found Xaupog Gecwa's Jewellery Emporium.
 64438 | Depths:3 | Noticed Frederick
 64442 | Depths:3 | Killed Frederick
 64676 | Depths:3 | You fall into a shaft and drop 1 floor!
 64686 | Depths:4 | Paralysed by a floating eye for 3 turns
 64954 | Depths:3 | Noticed Xtahua
 64957 | Depths:3 | Killed Xtahua
 65483 | Depths:4 | Paralysed by a great orb of eyes for 4 turns
 65526 | Depths:4 | Found a hazy altar of Hepliaklqana.
 65807 | Depths:4 | Got a wavering wooden ring
 65808 | Depths:4 | Identified the ring "Tem Eram" {rElec rF+ MP+9 SInv} (You
                  | found it on level 4 of the Depths)
 65885 | Depths:4 | Found a shattered altar of Ashenzari.
 65931 | Depths:4 | Noticed Margery
 65932 | Depths:4 | Noticed a juggernaut
 65935 | Depths:4 | Killed Margery
 66152 | Depths:4 | Noticed Sojobo
 66300 | Depths:4 | Killed Sojobo
 66734 | Depths:4 | Killed a juggernaut
 66737 | Depths:4 | Paralysed by a floating eye for 3 turns
 66738 | Depths:4 | Identified the ring of Departure {rC+ Int+6}
 66743 | Depths:4 | Reached skill level 15 in Dodging
 66744 | Depths:4 | Paralysed by a floating eye for 2 turns
 66752 | Depths:4 | Paralysed by a floating eye for 3 turns
 66877 | Depths:4 | Identified the ring of Kaerinik {+Fly rElec MR+ Str+6
                  | Int+4}
 67200 | Depths:4 | Paralysed by a floating eye for 2 turns
 67371 | Depths:4 | Got a fine ivory ring
 67372 | Depths:4 | Identified the ring "Qedwao" {*Contam rF+ MP+9 Dex+6} (You
                  | found it on level 4 of the Depths)
 67652 | Depths:4 | Identified the Compendium of Transmigration and Ignition
 67810 | Depths:5 | Entered Level 5 of the Depths
 68466 | Depths:5 | Noticed Mennas
 68470 | Depths:5 | Killed Mennas
 68598 | Depths:5 | Found a gateway to a ziggurat.
 68713 | Depths:5 | Found a gate to the Realm of Zot.
 69261 | Zig:1    | Entered Level 1 of a ziggurat
 69272 | Zig:1    | Learned a level 8 spell: Necromutation
 69290 | Zig:2    | Entered Level 2 of a ziggurat
 69293 | Zig:2    | Reached skill level 1 in Transmutations
 69308 | Zig:3    | Entered Level 3 of a ziggurat
 69331 | Zig:4    | Entered Level 4 of a ziggurat
 69336 | Zig:4    | Reached skill level 1 in Necromancy
 69374 | Zig:5    | Entered Level 5 of a ziggurat
 69436 | Zig:5    | Identified the +2 robe "Kezurel" {Str-5 Int-4 Dex+5} (You
                  | found it on level 5 of a ziggurat)
 69440 | Zig:5    | Got a transparent garnet amulet
 69441 | Zig:5    | Identified the amulet of Wikos {Regen+ Str+5} (You found it
                  | on level 5 of a ziggurat)
 69447 | Zig:6    | Entered Level 6 of a ziggurat
 69556 | Zig:6    | Got a faintly glowing granite ring
 69557 | Zig:6    | Identified the ring of Wovee {*Corrode rPois rC+ rN++ EV+4}
                  | (You found it on level 6 of a ziggurat)
 69575 | Zig:7    | Entered Level 7 of a ziggurat
 69588 | Zig:7    | Found the +10 zealot's sword {holy, *Rage rN+ EV+3}
 69599 | Zig:7    | Got a flickering bone ring
 69600 | Zig:7    | Identified the ring of Sige Oto {*Tele *Slow +Fly Slay+6
                  | Stlth+} (You found it on level 7 of a ziggurat)
 69618 | Zig:8    | Entered Level 8 of a ziggurat
 69624 | Zig:8    | Noticed Olenodikk the pandemonium lord
 69631 | Zig:8    | Killed Olenodikk the pandemonium lord
 69765 | Zig:9    | Entered Level 9 of a ziggurat
 69813 | Zig:9    | Identified the Reference Book on Arcane Weapons
 69826 | Zig:10   | Entered Level 10 of a ziggurat
 69934 | Zig:10   | Got a sparkling bone ring
 69935 | Zig:10   | Identified the ring of Axablar {rF- MR++ AC+4 Stlth+} (You
                  | found it on level 10 of a ziggurat)
 69945 | Zig:11   | Entered Level 11 of a ziggurat
 69945 | Zig:11   | Noticed an ancient lich
 69951 | Zig:11   | Killed an ancient lich
 69957 | Zig:11   | Reached skill level 5 in Transmutations
 70080 | Zig:11   | Got a heavily runed wooden ring
 70081 | Zig:11   | Identified the ring of the Wild Haggis {rCorr Dex+3} (You
                  | found it on level 11 of a ziggurat)
 70088 | Zig:12   | Entered Level 12 of a ziggurat
 70218 | Zig:12   | Lost mutation: You have a pair of small horns on your head.
                  | [potion of mutation]
 70218 | Zig:12   | Lost mutation: Armour fits poorly on your strangely shaped
                  | body. [potion of mutation]
 70218 | Zig:12   | Gained mutation: Your magical capacity is low. (-10% MP)
                  | [potion of mutation]
 70218 | Zig:12   | Gained mutation: You have a pair of small horns on your
                  | head. [potion of mutation]
 70218 | Zig:12   | Gained mutation: You have supernaturally acute eyesight.
                  | (SInv) [potion of mutation]
 70219 | Zig:12   | Lost mutation: Your magical capacity is low. (-10% MP)
                  | [potion of mutation]
 70219 | Zig:12   | Lost mutation: You have a pair of small horns on your head.
                  | [potion of mutation]
 70219 | Zig:12   | Lost mutation: You have supernaturally acute eyesight.
                  | (SInv) [potion of mutation]
 70219 | Zig:12   | Gained mutation: You are frail. (-10% HP) [potion of
                  | mutation]
 70219 | Zig:12   | Gained mutation: You are somewhat resistant to further
                  | mutation. [potion of mutation]
 70225 | Zig:12   | Identified the Almanac of Blistering Augmentations
 70241 | Zig:13   | Entered Level 13 of a ziggurat
 70289 | Zig:13   | Identified the +1 cloak of a Gauntlet {Slay+6} (You found
                  | it on level 13 of a ziggurat)
 70321 | Zig:14   | Entered Level 14 of a ziggurat
 70330 | Zig:14   | Noticed Bikufiryt the pandemonium lord
 70331 | Zig:14   | Noticed Jukagruo the pandemonium lord
 70333 | Zig:14   | Reached skill level 10 in Necromancy
 70333 | Zig:14   | Noticed Nisiul the pandemonium lord
 70337 | Zig:14   | Killed Jukagruo the pandemonium lord
 70340 | Zig:14   | Killed Nisiul the pandemonium lord
 70340 | Zig:14   | Killed Bikufiryt the pandemonium lord
 70435 | Zig:14   | Found the +7 Singing Sword {vorpal, sonic wave}
 70446 | Zig:14   | Got a translucent steel ring
 70447 | Zig:14   | Identified the ring "Gidus" {*Tele +Inv rC- MR+++ Int-4}
                  | (You found it on level 14 of a ziggurat)
 70464 | Zig:14   | Identified a +1 pair of boots of running (You found it on
                  | level 14 of a ziggurat)
 70481 | Zig:14   | Lost mutation: You are frail. (-10% HP) [potion of
                  | mutation]
 70481 | Zig:14   | Lost mutation: You are somewhat resistant to further
                  | mutation. [potion of mutation]
 70481 | Zig:14   | Lost mutation: You do not regenerate when monsters are
                  | visible. [potion of mutation]
 70481 | Zig:14   | Gained mutation: You expend magic power (3 MP) to
                  | strengthen your wands. [potion of mutation]
 70481 | Zig:14   | Gained mutation: You are agile. (Dex +2) [potion of
                  | mutation]
 70481 | Zig:14   | Gained mutation: Your muscles are strong. (Str +2) [potion
                  | of mutation]
 70505 | Zig:15   | Entered Level 15 of a ziggurat
 70601 | Zig:15   | Got a serpentine pewter amulet
 70603 | Zig:15   | Identified the Almanac of the Unstoppable Allies
 70606 | Zig:15   | Got a heavily runed silver amulet
 70612 | Zig:15   | Identified the Grimoire of Toxic Combat Magic
 70657 | Zig:15   | Lost mutation: You expend magic power (3 MP) to strengthen
                  | your wands. [potion of mutation]
 70657 | Zig:15   | Lost mutation: You are agile. (Dex +2) [potion of mutation]
 70657 | Zig:15   | Gained mutation: You are agile. (Dex +2) [potion of
                  | mutation]
 70657 | Zig:15   | Gained mutation: You have a pair of small horns on your
                  | head. [potion of mutation]
 70657 | Zig:15   | Lost mutation: You are agile. (Dex +2) [potion of mutation]
 70657 | Zig:15   | Gained mutation: You are agile. (Dex +2) [potion of
                  | mutation]
 70661 | Zig:15   | Got a faintly glowing bronze amulet
 70673 | Zig:15   | Got a vibrating pewter ring
 70679 | Zig:16   | Entered Level 16 of a ziggurat
 70691 | Zig:16   | Noticed a greater mummy
 70692 | Zig:16   | Noticed a greater mummy
 70695 | Zig:16   | Noticed a greater mummy
 70696 | Zig:16   | Killed a greater mummy
 70696 | Zig:16   | Killed a greater mummy
 70697 | Zig:16   | Noticed a greater mummy
 70699 | Zig:16   | Killed a greater mummy
 70705 | Zig:16   | HP: 1/198 [death scarab[a greater mummy] (9)]
 70705 | Zig:16   | Demolished by a death scarab

Illustrated notes

Levels and vault maps discovered:
D:1:      lemuel_arrival_rhombus, layout_basic, serial_glass, glass_columns_a,
          glass_columns_a, minivault_24
D:2:      layout_basic, minmay_overflow_temple_star_quad
D:3:      layout_basic, first_ration, hangedman_decor_points,
          nicolae_ru_the_path_less_chosen
D:4:      layout_basic, nicolae_qazlal_style_of_elements
D:5:      layout_loops_ring, minmay_temple_entry_antechambers, basic_altar,
          hangedman_decor_peaks_small, uniq_eustachio, uniq_blork_the_orc,
          uniq_grinder
D:6:      layout_cave_pools, kiku_gazebo_garden_becter
D:7:      minmay_chambers_of_sixes, layout_basic
D:8:      layout_basic, nicolae_ossuary_entry_monument
D:9:      layout_irregular_city
D:10:     layout_rooms, erik_lair_dragon, david_orc_4, enter_bailey_3,
          blue_anna_alchemist [blue_anna_fruit_fields, blue_anna_fruit_fields],
          serial_bayou_ford_a, minmay_fountain_box
D:11:     layout_rooms
D:12:     layout_small_grid
D:13:     layout_irregular_city, skrybe_vaults_entry_preservation,
          chequers_big_river
D:14:     minmay_outward_triangles, layout_stronghold, gauntlet_entry_generic,
          kennysheep_crisscross
D:15:     hangedman_depths_entry_civil_slaughter, layout_basic,
          hangedman_decor_opposing, kennysheep_inner_square
Temple:   regret_index_temple_mists
Lair:1:   layout_cave_shapes, minmay_shattered_shrine, uniq_gastronok
Lair:2:   gammafunk_cloud_chamber, layout_chaotic_city,
          spider_nest_entry_funnel_web, grunt_forest_stairs_clearing
Lair:3:   layout_chaotic_city, wad_woods_river_01, uniq_prince_ribbit2
Lair:4:   layout_concentric_octagons, elwin_shoals_entry_rooms, ldierk_geyser,
          grunt_megastairs_1
Lair:5:   layout_regular_city, chequers_serial_rivers_large_a,
          grunt_forest_small_clearing_treed
Lair:6:   hangedman_lair_in_review, layout_cellular_growth, wormcave,
          minmay_slime_entry_oklob_open, st_stairs_5
Shoals:1: layout_shoals
Shoals:2: layout_shoals, uniq_kirke, uniq_ilsuiw
Shoals:3: layout_shoals, serial_shops, shop, lemuel_altar_in_water
Shoals:4: shoals_end_hangedman, layout_shoals, shoals_ilsuiw_ice
Spider:1: layout_spider_delve, uniq_azrael
Spider:2: layout_spider_delve
Spider:3: layout_spider_delve, uniq_louise, uniq_arachne, uniq_asterion
Spider:4: spider_rune_water, gammafunk_ghost_tricky_traps
Slime:1:  layout_caves
Slime:2:  layout_caves
Slime:3:  layout_caves
Slime:4:  layout_caves
Slime:5
Orc:1:    layout_diamond_mine, serial_shops, shop
Orc:2:    grunt_orc_community_town_hall, layout_diamond_mine,
          grunt_orc_community_big_house_1, grunt_orc_community_big_house_1,
          grunt_orc_community_house_2, grunt_orc_community_house_3,
          grunt_orc_community_house_1, grunt_orc_community_house_1,
          grunt_orc_community_house_2, serial_shops, nicolae_shop_statue_plus,
          nicolae_shop_overgrown_old_shop, nicolae_shop_stone,
          nicolae_shop_statue_plus
Elf:1:    eino_elf_arrival_sip, layout_loops_corners, minmay_elf_annihilation,
          fountainhead, serial_sigils_hangedman_scratch
Elf:2:    layout_geoelf_diagonals, portal_ice_cave_entry_pillars_1
Elf:3:    elf_hall, layout_geoelf_castle, serial_shops, shop, shop,
          nicolae_shop_window_shopping, basic_altar
Vaults:1: dpeg_vaults_monster_row, vaults_dpeg_diagonal, v_alt_pattern_6,
          vaults_dpeg_encased_lava, ontoclasm_vaults_gateway,
          nicolae_vaults_little_squares_3, layout_vaults_omnigrid, basic_altar
Vaults:2: hangedman_vaults_unwind, ontoclasm_vaults_gallery,
          nicolae_vaults_little_squares_3, hangedman_vaults_impose,
          v_alt_pattern_1, v_misc_5, nicolae_vaults_network_square, v_misc_15,
          grunt_vaults_bifocal, v_alt_pattern_4, vaults_dpeg_hooks,
          vaults_mumra_hex, hangedman_vaults_maws, layout_vaults_big_cross
Vaults:3: nicolae_vaults_inception_scallops, nicolae_vaults_big_angled_halls,
          minmay_crypt_entry_vampire_xt, ontoclasm_vaults_fault, v_rooms_1,
          v_pattern_2, hangedman_vaults_stretched_pinwheel, vaults_room_fours,
          grunt_tower_of_power, v_misc_5, v_misc_24,
          nicolae_vaults_shelves_hall, layout_vaults_big_room, serial_shops,
          shop
Vaults:4: st_smaller_cells, nicolae_vaults_windows_and_doors_thing, v_misc_12,
          vaults_room_door_ring, vaults_room_door_hall, hangedman_vaults_stream,
          ontoclasm_vaults_ring_small, hangedman_vaults_restitches,
          nicolae_vaults_specimen_jars, nicolae_vaults_triangles,
          vaults_mumra_lcd, ontoclasm_vaults_pinch, ontoclasm_vaults_misaligned,
          layout_vaults_ring
Vaults:5
Crypt:1:  layout_misc_corridors, minivault_24, grunt_crypt_arrival_split
Crypt:2:  layout_misc_corridors, st_stairs_14
Crypt:3:  church_of_pain_bobbens, layout_chaotic_city,
          tomb_entry_forgotten_bobbens
Depths:1: layout_cave_pools, serial_bayou_shore_a, hell_entry,
          minmay_room_of_horrors, kennysheep_generic_room_6, uniq_mara,
          uniq_enchantress
Depths:2: hangedman_cross_cluster, layout_basic, rand_demon_pan_entry_5,
          hell_entry, minmay_stone_trees_small, ashenzari_altar_1,
          minmay_staircase_windowed_large
Depths:3: minmay_the_grid_square_5x5_5x5_mashed
          [minmay_the_grid_square_5x5_two_walls_b,
          minmay_the_grid_square_5x5_doubleslash,
          minmay_the_grid_square_5x5_comb,
          minmay_the_grid_square_5x5_intrusive_squares,
          minmay_the_grid_square_5x5_tri_point,
          minmay_the_grid_square_5x5_two_walls_a,
          minmay_the_grid_square_5x5_prize_snowflake,
          minmay_the_grid_square_5x5_eight_small,
          minmay_the_grid_square_5x5_prize_rear_guard,
          minmay_the_grid_square_5x5_three, minmay_the_grid_square_5x5_bridge,
          minmay_the_grid_square_5x5_slash,
          minmay_the_grid_square_5x5_prize_monsterx,
          minmay_the_grid_square_5x5_two_small,
          minmay_the_grid_square_5x5_eight, minmay_the_grid_square_5x5_mess,
          minmay_the_grid_square_5x5_prize_itemx,
          minmay_the_grid_square_5x5_dogpile,
          minmay_the_grid_square_5x5_prize_waves,
          minmay_the_grid_square_5x5_n_small, minmay_the_grid_square_5x5_plus,
          minmay_the_grid_square_5x5_inner_v,
          minmay_the_grid_square_5x5_beaten_path,
          minmay_the_grid_square_5x5_hourglass,
          minmay_the_grid_square_5x5_six_small], layout_gridlike,
          grunt_pan_entry_spiral, grunt_hell_entry_dis_grunt, abyss_entry,
          kennysheep_generic_room_13, minmay_shop_grove, uniq_xtahua,
          uniq_frederick
Depths:4: hangedman_spin_cycle, hell_entry, pan_entry, abyss_entry
Depths:5: grunt_zot_entry_bicorn, layout_long_grid, enter_ziggurat_d,
          hell_entry, abyss_entry, uniq_margery, uniq_mennas
Zig:16

Skill      XL: |  1  2  3  4  5  6  7  8  9 10 11 12 13 14 15 16 17 18 19 20 21 22 23 24 25 26 27 |
---------------+----------------------------------------------------------------------------------+-----
Earth Magic    | 4 5 6 7 8 9 10 11 12 13 14 15 16 17 18 19 22 | 22.0
Conjurations   | 1 2 3 5 6 7 8 9 10 11 12 13 14 15 16 17 20 | 20.0
Spellcasting   | 3 4 5 6 7 8 9 10 11 12 13 14 15 19 | 19.2
Fighting       | 1 3 4 6 7 8 9 10 11 12 13 14 15 16 21 | 21.4
Maces & Flails | 2 3 4 5 6 8 9 10 11 12 13 14 15 | 15.0
Armour         | 2 3 4 6 7 8 11 | 11.1
Dodging        | 2 3 4 5 7 8 9 10 11 12 13 15 | 15.0
Evocations     | 1 3 4 5 6 |  6.0
Fire Magic     | 6 12 15 16 17 18 19 20 21 22 | 22.1
Shields        | 4 |  4.0
Transmutations | 5 |  5.0
Necromancy     | 11 | 11.3
Stealth        | |  2.1

Action                   |  1- 3 |  4- 6 |  7- 9 | 10-12 | 13-15 | 16-18 | 19-21 | 22-24 | 25-27 || total
-------------------------+-------+-------+-------+-------+-------+-------+-------+-------+-------++-------
Melee: Short sword       |    35 |       |       |       |       |       |       |       |       ||    35
       Club              |     8 |       |       |       |       |       |       |       |       ||     8
       Unarmed           |     1 |       |       |       |       |       |       |       |       ||     1
       Dagger            |    84 |   158 |   254 |   450 |   327 |       |       |       |       ||  1273
       Rapier            |       |       |    12 |       |       |       |       |       |       ||    12
       Dire flail        |       |       |       |       |   740 |   394 |       |       |       ||  1134
       Demon whip        |       |       |       |       |       |   305 |  1009 |   465 |  1127 ||  2906
       Headbutt          |       |       |       |       |       |       |   144 |   133 |   112 ||   389
 Cast: Sandblast         |     7 |    19 |    85 |   290 |    56 |    30 |    20 |       |    10 ||   517
       Lee's Rapid Decon |       |       |     2 |    53 |    41 |    38 |    23 |    10 |    27 ||   194
       Stone Arrow       |       |       |     2 |    13 |    21 |     2 |     1 |       |       ||    39
       Iron Shot         |       |       |       |     8 |    83 |    59 |    70 |    32 |   212 ||   464
       Bolt of Magma     |       |       |       |       |    13 |       |     4 |       |       ||    17
       Irradiate         |       |       |       |       |    35 |    11 |     1 |       |       ||    47
       Ignition          |       |       |       |       |       |    20 |    72 |    54 |    59 ||   205
       Shatter           |       |       |       |       |       |       |       |    25 |   105 ||   130
       Fire Storm        |       |       |       |       |       |       |       |     1 |    64 ||    65
 Abil: Fly               |       |       |       |       |     1 |       |       |       |       ||     1
       Stop Flying       |       |       |       |       |       |       |       |       |     1 ||     1
Evoke: Wand              |       |       |       |     5 |    13 |    18 |       |       |     2 ||    38
       Box of beasts     |       |       |       |       |       |     1 |       |       |       ||     1
       Phantom mirror    |       |       |       |       |       |     1 |       |       |       ||     1
  Use: Scroll            |       |    13 |     6 |     5 |    21 |    14 |    21 |     2 |    34 ||   116
       Potion            |       |       |     2 |     5 |     8 |     8 |     8 |    11 |    13 ||    55
 Stab: Sleeping          |     4 |     2 |       |     2 |     9 |     2 |     3 |     2 |     6 ||    30
       Distracted        |       |       |       |       |       |     2 |     1 |       |     1 ||     4
       Invisible         |       |       |       |       |       |     3 |       |       |       ||     3
  Eat: Chunk             |     2 |     7 |    14 |    31 |    50 |    21 |    41 |    31 |    23 ||   220
       Ration            |       |       |     1 |     2 |    11 |    10 |    13 |     4 |    16 ||    57
Armor: Robe              |    57 |    59 |   129 |    75 |       |       |       |   101 |   317 ||   738
       Skin              |       |       |       |   123 |       |       |       |       |       ||   123
       Troll leather arm |       |       |       |   217 |   581 |   624 |   420 |    86 |       ||  1928
Dodge: Dodged            |    92 |    98 |   302 |   668 |  1270 |   753 |   501 |   292 |   686 ||  4662
Block: Buckler           |       |       |       |       |       |       |   263 |   189 |   367 ||   819
       Reflection        |       |       |       |       |       |       |    44 |    45 |    41 ||   130
       Rpst.: Dagger     |       |       |       |       |    38 |       |       |       |       ||    38
       Dire flail        |       |       |       |       |   228 |   105 |       |       |       ||   333
       Demon whip        |       |       |       |       |       |    58 |    99 |    56 |   143 ||   356

Table legend:
 A = Non-vault XP
 B = Vault XP
 C = Vault XP percentage of total XP
 D = Non-vault monster count
 E = Vault monster count
 F = Vault count percentage of total count
                 A         B        C        D         E       F
            +---------+---------+-------+---------+---------+-------
      Total |  998902 |  845404 |  45.8 |    1867 |    1009 |  35.1
            +---------+---------+-------+---------+---------+-------
        D:1 |      56 |       0 |   0.0 |      31 |       0 |   0.0
        D:2 |      54 |       0 |   0.0 |      21 |       0 |   0.0
        D:3 |      82 |       0 |   0.0 |      25 |       0 |   0.0
        D:4 |     579 |       0 |   0.0 |      22 |       0 |   0.0
        D:5 |     226 |     571 |  71.6 |       5 |       3 |  37.5
        D:6 |     624 |       0 |   0.0 |      20 |       0 |   0.0
        D:7 |    2082 |     332 |  13.8 |      39 |       5 |  11.4
        D:8 |    3756 |       0 |   0.0 |      45 |       0 |   0.0
        D:9 |    1278 |       0 |   0.0 |      21 |       0 |   0.0
       D:10 |    1202 |    1935 |  61.7 |      24 |      27 |  52.9
       D:11 |    2222 |       0 |   0.0 |      23 |       0 |   0.0
       D:12 |    9829 |       0 |   0.0 |      42 |       0 |   0.0
       D:13 |    8207 |    3232 |  28.3 |      48 |       9 |  15.8
       D:14 |   10990 |    3017 |  21.5 |      29 |       4 |  12.1
       D:15 |   10365 |    8457 |  44.9 |      30 |      10 |  25.0
     Lair:1 |    3151 |    4242 |  57.4 |      11 |       5 |  31.2
     Lair:2 |    5589 |    3317 |  37.2 |      21 |      16 |  43.2
     Lair:3 |    4913 |    1990 |  28.8 |      25 |       8 |  24.2
     Lair:4 |    2233 |    1512 |  40.4 |      10 |       5 |  33.3
     Lair:5 |    5697 |       0 |   0.0 |      23 |       0 |   0.0
     Lair:6 |   14612 |   17443 |  54.4 |      40 |      41 |  50.6
   Shoals:1 |   18629 |       0 |   0.0 |      32 |       0 |   0.0
   Shoals:2 |   17065 |    6171 |  26.6 |      38 |       9 |  19.1
   Shoals:3 |   17220 |       0 |   0.0 |      33 |       0 |   0.0
   Shoals:4 |   16768 |   28597 |  63.0 |      35 |      39 |  52.7
   Spider:1 |    7566 |    1926 |  20.3 |      23 |       5 |  17.9
   Spider:2 |   18368 |    2583 |  12.3 |      53 |       1 |   1.9
   Spider:3 |    7981 |    5003 |  38.5 |      21 |       2 |   8.7
   Spider:4 |   11068 |   32736 |  74.7 |      29 |      47 |  61.8
    Slime:1 |    9660 |       0 |   0.0 |      16 |       0 |   0.0
    Slime:2 |    2395 |       0 |   0.0 |       1 |       0 |   0.0
    Slime:3 |   29194 |       0 |   0.0 |      36 |       0 |   0.0
    Slime:4 |    9208 |       0 |   0.0 |      15 |       0 |   0.0
    Slime:5 |   18954 |   28842 |  60.3 |      22 |      13 |  37.1
      Orc:1 |    9191 |       0 |   0.0 |      63 |       0 |   0.0
      Orc:2 |    2466 |    7431 |  75.1 |      24 |      76 |  76.0
      Elf:1 |   15693 |    5255 |  25.1 |      27 |       8 |  22.9
      Elf:2 |   11543 |     913 |   7.3 |      19 |       1 |   5.0
      Elf:3 |   14066 |   49234 |  77.8 |      22 |      32 |  59.3
   Vaults:1 |   34058 |   11331 |  25.0 |      52 |      14 |  21.2
   Vaults:2 |   48539 |   20289 |  29.5 |      77 |      28 |  26.7
   Vaults:3 |   23302 |   22110 |  48.7 |      34 |      33 |  49.3
   Vaults:4 |   26115 |   33718 |  56.4 |      29 |      36 |  55.4
   Vaults:5 |   40767 |  147033 |  78.3 |      53 |     102 |  65.8
    Crypt:1 |   23176 |       0 |   0.0 |      40 |       0 |   0.0
    Crypt:2 |   18829 |     705 |   3.6 |      32 |       1 |   3.0
    Crypt:3 |   47599 |   68082 |  58.9 |      56 |      70 |  55.6
   Depths:1 |   32528 |   31603 |  49.3 |      47 |      29 |  38.2
   Depths:2 |   32853 |   44426 |  57.5 |      44 |      32 |  42.1
   Depths:3 |   10683 |   78015 |  88.0 |      10 |      72 |  87.8
   Depths:4 |       0 |  106046 | 100.0 |       0 |      86 | 100.0
   Depths:5 |   40394 |   33175 |  45.1 |      28 |      16 |  36.4
    Abyss:2 |   13703 |       0 |   0.0 |      24 |       0 |   0.0
    Abyss:3 |   24167 |       0 |   0.0 |      40 |       0 |   0.0
      Zig:1 |     838 |       0 |   0.0 |       2 |       0 |   0.0
      Zig:2 |    1297 |    2329 |  64.2 |       3 |       4 |  57.1
      Zig:3 |    3695 |       0 |   0.0 |       3 |       0 |   0.0
      Zig:4 |    8823 |       0 |   0.0 |       3 |       0 |   0.0
      Zig:5 |    4795 |       0 |   0.0 |       7 |       0 |   0.0
      Zig:6 |    6835 |       0 |   0.0 |       8 |       0 |   0.0
      Zig:7 |   24069 |       0 |   0.0 |       7 |       0 |   0.0
      Zig:8 |   24825 |       0 |   0.0 |       9 |       0 |   0.0
      Zig:9 |    8779 |       0 |   0.0 |      18 |       0 |   0.0
     Zig:10 |   11830 |       0 |   0.0 |      14 |       0 |   0.0
     Zig:11 |   14796 |   11440 |  43.6 |      21 |       4 |  16.0
     Zig:12 |   19081 |       0 |   0.0 |      28 |       0 |   0.0
     Zig:13 |   19056 |       0 |   0.0 |      27 |       0 |   0.0
     Zig:14 |   53127 |       0 |   0.0 |      21 |       0 |   0.0
     Zig:15 |   26661 |       0 |   0.0 |      37 |       0 |   0.0
     Zig:16 |   28900 |    2276 |   7.3 |      29 |       4 |  12.1
    Ossuary |       0 |     213 | 100.0 |       0 |      16 | 100.0
     Bailey |       0 |    1509 | 100.0 |       0 |      27 | 100.0
      IceCv |       0 |   12626 | 100.0 |       0 |      59 | 100.0
   Gauntlet |       0 |    3739 | 100.0 |       0 |      10 | 100.0
            +---------+---------+-------+---------+---------+-------
